 Dungeon Crawl Stone Soup version 0.30-a0-652-gcc886f7154 (webtiles) character file.

Game seed: 4571464758823001777

31 kae the Insei (level 3, 26/26 HPs)
             Began as a Demonspawn Transmuter on Jan 17, 2023.
             Quit the game on level 1 of the Dungeon.
             The game lasted 00:01:11 (321 turns).

kae the Insei (Demonspawn Transmuter)                Turns: 321, Time: 00:01:11

Health: 26/26      AC:  2    Str: 10    XL:     3   Next: 7%
Magic:  5/6        EV: 12    Int: 16    God:
Gold:   38         SH:  0    Dex: 13    Spells: 5/6 levels left

rFire   . . .      SeeInvis .      - Unarmed
rCold   . . .      Faith    .    (no shield)
rNeg    . . .      Spirit   .    a - +0 robe
rPois   .          Reflect  .    (helmet currently unavailable)
rElec   .          Harm     .    (no cloak)
rCorr   .          Rampage  .    (no gloves)
Will    .....                    (boots currently unavailable)
Stlth   +                        (no amulet)
HPRegen 0.24/turn                (no ring)
MPRegen 0.10/turn                (no ring)

@: appendages (expiring)
A: horns 2, talons 2, demonic guardian 1
a: End Transformation


You were on level 1 of the Dungeon.
You had temporarily grown beastly horns and talons.
You visited 1 branch of the dungeon, and saw 1 of its levels.

You collected 38 gold pieces.


Innate Abilities, Weirdness & Mutations

You have temporarily grown beastly horns and talons.
A weak demonic guardian rushes to your aid.


   Skills:
 - Level 1.0 Fighting
 - Level 1.7 Dodging
 + Level 3.0 Unarmed Combat
 + Level 2.3 Spellcasting
 * Level 2.6 Transmutations


You had 5 spell levels left.
You knew the following spells:

 Your Spells              Type           Power      Damage    Failure   Level
a - Beastly Appendage     Tmut           20%        N/A       7%          1

Your spell library contained the following spells:

 Spells                   Type           Power      Damage    Failure   Level
 Wereblood                Tmut           10%        N/A       11%         2
 Kiss of Death            Conj/Necr      4%         2d5       21%         1
 Spider Form              Tmut/Pois      6%         N/A       34%         3
 Confusing Touch          Hex            1%         N/A       52%         3
 Ice Form                 Ice/Tmut       6%         N/A       75%         4
 Dispel Undead            Necr           1%         3d6       89%         4

Inventory:

Missiles
 e - 11 stones
Armour
 a - a +0 robe (worn)
Jewellery
 A - an amulet of the acrobat
   (You found it on level 1 of the Dungeon)
Potions
 b - a potion of lignification {!q}
 d - 2 potions of ambrosia

Dungeon Overview and Level Annotations

Branches:
Dungeon (1/15) Zot: 5681

Altars:

#........ #. #.......#
#. #.......# ###.
#.......# ##...#
#)......# ......
#.......#####.# #...
#......>.....# #...
########.##†####### #...
#.)....@.##...#### ####
#.........###....# #
#..(......######.#######
#.........)# #......##
#............# ######...
#..........#..# ####
####?#####.##?# #####.
#. #.# ... ...#. #.
##.###### #.#.


There were no monsters in sight!


Message History

You hit the bat but do no damage. The bat hits you but does no damage. x2
Your transformation is almost over.
The bat hits you. The bat hits you but does no damage.
You closely miss the bat. Your headbutt misses the bat.
The bat barely misses you. 😕 HP[-1]
You take 1 damage, and now have 20/21 hp.
You closely miss the bat. You headbutt the bat. The bat closely misses you.
The bat barely misses you. The bat closely misses you.
You hit the bat. Your kick misses the bat. The bat barely misses you. x2
You closely miss the bat. Your kick misses the bat. The bat hits you.
The bat misses you. The bat hits you but does no damage.
You closely miss the bat. You claw the bat.
You kill the bat!
No target in view!
No target in view!
No target in view!
No target in view!
No target in view!
No target in view!
Unknown command.
Unknown command.
Your horns disappear.
Your talons disappear.
A rat comes into view. 😎 HP[+1] MP[+1]
Your hp is fully restored (21).
Your mp is fully restored (5).
A rat is nearby!
A rat is nearby!
Casting: Beastly Appendage (safe; 9% risk of failure)
Confirm with . or Enter, or press ? or * to list all spells.
You grow a pair of large bovine horns.
Your feet morph into talons. 😎 MP[-1]
You lost 1 mp, and now have 4/5 mp.
The rat bites you.
A demonic guardian appears!
You barely miss the rat. You claw the rat.
You kill the rat! 😕 HP[-2]
You take 2 damage, and now have 19/21 hp.
No target in view!
No target in view!
No target in view!
No target in view!
Unknown command.
Found a stone staircase leading down. 😎 HP[+2] MP[+1]
Your hp is fully restored (21).
Your mp is fully restored (5).
Your transformation is almost over.
You see here a rat corpse.
There is a stone staircase leading down here.
A bat comes into view.
A bat is nearby!
A bat is nearby!
A bat comes into view.
A goblin comes into view. It is wielding a +0 club.
The bat hits you but does no damage.
You see here a book of Touch.
Casting: Beastly Appendage (safe; 8% risk of failure)
Confirm with . or Enter, or press ? or * to list all spells.
You extend your transformation's duration.
The bat closely misses you. The bat hits you. The bat barely misses you.
You swap places.
The bat misses you. The bat closely misses you.
You hit the bat.
You kill the bat!
The goblin shouts!
The bat barely misses you.
Your shadow imp hits the bat.
The bat dies!
You have reached level 3!
Your experience leads to an increase in your attributes!
Increase (S)trength, (I)ntelligence, or (D)exterity?
You feel clever. x2 😕 HP[+4] MP[-1]
You now have 26 max hp (+5).
You regained 4 hp, and now have 25/26 hp.
Your shadow imp disappears in a puff of smoke!
The goblin closely misses you. 😎 HP[+1]
Your hp is fully restored (26).
You hit the goblin. Your kick misses the goblin.
Your headbutt misses the goblin.
Your transformation is almost over.
The goblin misses you.
You barely miss the goblin. Your kick misses the goblin.
You headbutt the goblin.
You kill the goblin!
No target in view!
No target in view!
You pick up a book of Touch and begin reading...
You add the spells Kiss of Death, Confusing Touch and Dispel Undead to your library. 😎 MP[+1] Saving game... please wait.
Lua error: /dgldir/rcfiles/crawl-git/kae.rc:525: unexpected symbol near '#' 🤖 Initializing magus.rc ...
Options error: Bad monster_list_colour key: strict_neutral (~/.crawlrc:5317) Bad channel name for runrest: 'pray:' ✅ Successfully initialized magus.rc [v1.11.3] Welcome back, kae the Demonspawn Transmuter.
Press ? for a list of commands and other information.
Are you sure you want to abandon this character and quit the game? (Confirm with "yes".)

Skill      XL: |  1  2 |
---------------+-------+-----
Transmutations | 2 |  2.6
Unarmed Combat | 3 |  3.0
Fighting       | |  1.0
Dodging        | |  1.7
Spellcasting   | |  2.3

Action                   || total
-------------------------++-------
Melee: Unarmed           ||    38
       Kick              ||    10
       Headbutt          ||    10
       Punch             ||     1
 Cast: Beastly Appendage ||    11
  Use: Scroll            ||     1
Armor: Robe              ||     8
Dodge: Dodged            ||    30

Levels and vault maps discovered:
D:1:      saegor_arrival_simple_a, layout_rooms

Notes
Turn   | Place    | Note
-------+----------+-------------------------------------------
     0 | D:1      | kae the Demonspawn Transmuter began the quest for the Orb.
     0 | D:1      | Reached XP level 1. HP: 15/15 MP: 3/3
     0 | D:1      | magus.rc [v1.11.3]
    82 | D:1      | Reached skill level 2 in Transmutations
    99 | D:1      | Gained mutation: A weak demonic guardian rushes to your
                  | aid. [demonic ancestry]
    99 | D:1      | Reached XP level 2. HP: 20/21 MP: 3/5
   258 | D:1      | Reached skill level 3 in Unarmed Combat
   272 | D:1      | magus.rc [v1.11.3]
   311 | D:1      | Reached XP level 3. HP: 25/26 MP: 4/6
   320 | D:1      | You pick up a book of Touch and begin reading...
   320 | D:1      | You add the spells Kiss of Death, Confusing Touch and
                  | Dispel Undead to your library.
   321 | D:1      | magus.rc [v1.11.3]
   321 | D:1      | Quit the game

Vanquished Creatures
  A gnoll (D:1)
  A dart slug (D:1)
  A ball python (D:1)
  2 endoplasms (D:1)
  2 giant cockroaches (D:1)
  2 goblins (D:1)
  A hobgoblin (D:1)
  4 bats (D:1)
  A frilled lizard (D:1)
  3 rats (D:1)
18 creatures vanquished.

Vanquished Creatures (collateral kills)
  A bat (D:1)
1 creature vanquished.

Grand Total: 19 creatures vanquished

Table legend:
 A = Non-vault XP
 B = Vault XP
 C = Vault XP percentage of total XP
 D = Non-vault monster count
 E = Vault monster count
 F = Vault count percentage of total count
                 A         B        C        D         E       F
            +---------+---------+-------+---------+---------+-------
      Total |      45 |       0 |   0.0 |      19 |       0 |   0.0
            +---------+---------+-------+---------+---------+-------
        D:1 |      45 |       0 |   0.0 |      19 |       0 |   0.0
            +---------+---------+-------+---------+---------+-------

Illustrated notes

Table legend:
 A = Kills in this place as a percentage of kills in entire the game.
 B = Kills by you in this place as a percentage of kills by you in the entire game.
 C = Kills by friends in this place as a percentage of kills by friends in the entire game.
 D = Other kills in this place as a percentage of other kills in the entire game.
 E = Experience gained in this place as a percentage of experience gained in the entire game.
 F = Experience gained in this place divided by the number of levels of this place that you have seen.
                   A       B       C       D       E      F
               +-------+-------+-------+-------+-------+----------------------
         Total | 100.0 | 100.0 | 100.0 |   N/A | 100.0 |  45.0
       Dungeon | 100.0 | 100.0 | 100.0 |   N/A | 100.0 |  45.0
               +-------+-------+-------+-------+-------+----------------------

Table legend: (Time is in decaauts)
 A = Elapsed time spent in this place.
 B = Non-inter-level travel time spent in this place.
 C = Inter-level travel time spent in this place.
 D = Time resting spent in this place.
 E = Time spent auto-exploring this place.
 F = Levels seen in this place.
 G = Mean time per level.
                   A        B        C        D        E       F      G
               +--------+--------+--------+--------+--------+-----+--------+
         Total |    318 |    318 |      0 |      0 |    206 |   1 |  318.0 |
       Dungeon |    318 |    318 |      0 |      0 |    206 |   1 |  318.0 |
               +--------+--------+--------+--------+--------+-----+--------+

Top non-repeatable levels by time:
     D:1: 318 daAuts
